 Dungeon Crawl Stone Soup version 0.23.1 (webtiles) character file.

Game seed: 0

3608 Ancalimex the Thaumaturge (level 9, 0/45 HPs)
             Began as a Deep Elf Earth Elementalist on Feb 28, 2019.
             Was a Believer of Qazlal.
             Slain by a hellwing (4 damage)
             ... on level 7 of the Dungeon on Mar 1, 2019.
             The game lasted 00:43:43 (7620 turns).

Ancalimex the Thaumaturge (DEEE)                    Turns: 7620, Time: 00:43:43

Health: 0/45       AC:  5    Str:  6    XL:     9   Next: 86%
Magic:  25/42      EV: 14    Int: 23    God:    Qazlal [**....]
Gold:   284        SH:  2    Dex: 15    Spells: 10/27 levels left

rFire    . . .     SeeInvis .   r - +3 quarterstaff (drain)
rCold    . . .     Gourm    +   (shield currently unavailable)
rNeg     . . .     Faith    .   c - +0 robe
rPois    .         Spirit   .   (no helmet)
rElec    .         Reflect  .   (no cloak)
rCorr    .         Harm     .   v - +2 pair of gloves
MR       .....                  (no boots)
Stlth    ++........             g - amulet of the gourmand
HPRegen  0.15/turn              l - ring of magical power
MPRegen  0.28/turn              j - ring of magical power

@: no status effects
A: no striking features
a: Upheaval, Renounce Religion


You were on level 7 of the Dungeon.
You worshipped Qazlal.
Qazlal was pleased with you.
You were very full.

You visited 1 branch of the dungeon, and saw 7 of its levels.

You collected 420 gold pieces.
You spent 136 gold pieces at shops.

Inventory:

Hand Weapons
 i - a +4 spear
 r - a +3 quarterstaff of draining (weapon)
Missiles
 b - 137 stones (quivered)
Armour
 c - a +0 robe (worn)
 q - a +0 pair of boots
 v - a +2 pair of gloves (worn)
Jewellery
 a - an uncursed ring of resist corrosion
 g - an amulet of the gourmand (around neck)
 j - a ring of magical power (right hand)
 l - a ring of magical power (left hand)
 p - a cursed ring of teleportation
Wands
 m - a wand of flame (17)
 n - a wand of polymorph (10)
Scrolls
 k - 2 scrolls of teleportation
 o - a scroll of fear
 t - 5 scrolls of remove curse
 y - a scroll of amnesia
Potions
 f - a potion of berserk rage
 u - a potion of resistance
 z - a potion of flight
 A - a potion of brilliance
Comestibles
 d - 10 rations


   Skills:
 + Level 0.7 Polearms
 + Level 3.6 Dodging
 - Level 3.4 Stealth
 + Level 9.9 Spellcasting
 * Level 8.3 Conjurations
 * Level 6.0 Transmutations
 + Level 8.3 Earth Magic


You had 10 spell levels left.
You knew the following spells:

 Your Spells              Type           Power        Failure   Level  Hunger
a - Sandblast             Erth           #####.       1%          1    None
b - Passwall              Tmut/Erth      #####...     1%          2    None
c - Stone Arrow           Conj/Erth      #####.       1%          3    None
d - Petrify               Tmut/Erth      #####...     3%          4    ##.....
e - Lee's Rapid Deconstr  Erth           #####.....   4%          5    ####...
f - Blink                 Tloc           N/A          9%          2    None

Your spell library contained the following spells:

 Spells                   Type           Power        Failure   Level  Hunger
 Magic Dart               Conj           ####         1%          1    None
 Searing Ray              Conj           #####.       1%          2    None
 Iskenderun's Mystic Bla  Conj           #####...     1%          4    ##.....
 Conjure Flame            Conj/Fire      ####....     3%          3    None
 Dazzling Spray           Conj/Hex       ####..       3%          3    None
 Mephitic Cloud           Conj/Pois/Air  ###.....     5%          3    None
 Call Imp                 Summ           ##......     9%          2    None
 Poisonous Vapours        Pois/Air       ##....       9%          2    None
 Slow                     Hex            ##......     9%          2    None
 Force Lance              Conj/Tloc      ####....     11%         4    ##.....
 Fulminant Prism          Conj/Hex       ####......   11%         4    ##.....
 Freezing Cloud           Conj/Ice/Air   ###.......   96%         6    ######.
 Ring of Flames           Chrm/Fire      ##........   100%        7    #######


Dungeon Overview and Level Annotations

Branches:
Dungeon (7/15)             Temple (0/1) D:4

Altars:
Cheibriados
Dithmenos
Elyvilon
Makhleb
Qazlal
Uskayaw
Wu Jian

Shops:
D:4 *

Annotations:
D:5 Pikel
D:7 exclusion: hellwing


Message History

The hellwing is lightly wounded.
The hellwing misses you. The hellwing hits you!
The hellwing closely misses you. x2
You feel better. You block the hellwing's attack. The hellwing hits you!
Magic courses through your body. The hellwing hits you!
* * * LOW HITPOINT WARNING * * *
The hellwing hits you.
* * * LOW HITPOINT WARNING * * *
Casting: Lee's Rapid Deconstruction (safe; 4% risk of failure)
Confirm with . or Enter, or press ? or * to list all spells.
Okay, then.
Casting: Lee's Rapid Deconstruction (safe; 4% risk of failure)
Confirm with . or Enter, or press ? or * to list all spells.
You blink.
The hellwing closely misses you. x2
The hellwing swoops through the air toward you!
The hellwing hits you.
* * * LOW HITPOINT WARNING * * *
The hellwing hits you.
You die...

# ##§..#### #.# #.#<#######. #
#§§§.§## #.# #.#.# #.# #
##§§§.§§§## #># #.#.#####.#
###§§§§..§§§### #.# #.#.......#
#..§§.........# #.###.#####.#.##
......._......####.#............#
#.......§....................###.
###.§§..§§§§#######..............
##§§§.§§§##..4@...#.###########
##§§.§§###.#####...# ##.§§##
##### #.... ######


You could see a hellwing.

Vanquished Creatures
  Grinder (D:5)
  A hungry ghost (D:7)
  Menkaure (D:5)
  2 orc warriors
  4 slaves (D:5)
  A necrophage (D:6)
  2 ice beasts
  2 sky beasts (D:6)
  A black bear (D:6)
  A phantom (D:5)
  An ogre (D:6)
  3 centaurs (D:7)
  A big kobold (D:7)
  3 bullfrogs
  A scorpion (D:7)
  A howler monkey (D:6)
  A crimson imp (D:7)
  3 centaur zombies
  2 bullfrog zombies
  A jelly (D:5)
  8 orc wizards
  4 centaur skeletons
  An orc priest (D:6)
  A hound (D:4)
  A gnoll shaman (D:2)
  2 iguanas (D:4)
  Jessica (D:3)
  4 worker ants
  A hound skeleton (D:7)
  Robin (D:3)
  10 gnolls
  5 adders
  6 shadow imps
  2 oozes
  3 adder skeletons
  3 leopard geckos
  24 orcs
  9 bats
  3 giant cockroaches
  14 goblins
  7 hobgoblins
  8 jackals
  4 quokkas
  3 ball pythons
  10 frilled lizards
  A jackal zombie (D:6)
  6 kobolds
  3 rats
178 creatures vanquished.

Vanquished Creatures (others)
  5 withered plants (D:7)
5 creatures vanquished.

Grand Total: 183 creatures vanquished

Notes
Turn   | Place    | Note
-------+----------+-------------------------------------------
     0 | D:1      | Ancalimex the Deep Elf Earth Elementalist began the quest
                  | for the Orb.
     0 | D:1      | Reached XP level 1. HP: 10/10 MP: 6/6
   322 | D:1      | Reached XP level 2. HP: 15/15 MP: 6/8
   541 | D:1      | Learned a level 2 spell: Passwall
  2010 | D:2      | Reached XP level 3. HP: 17/19 MP: 10/10
  2015 | D:2      | Learned a level 3 spell: Stone Arrow
  2181 | D:2      | Reached XP level 4. HP: 24/24 MP: 5/11
  2348 | D:2      | Reached skill level 4 in Spellcasting
  2348 | D:2      | Reached skill level 1 in Conjurations
  2574 | D:2      | Learned a level 4 spell: Petrify
  2840 | D:3      | Reached XP level 5. HP: 28/28 MP: 13/13
  2985 | D:3      | Noticed Jessica
  3336 | D:3      | Noticed Robin
  3338 | D:3      | Killed Robin
  3338 | D:3      | Reached XP level 6. HP: 32/32 MP: 7/15
  3474 | D:3      | Killed Jessica
  3474 | D:3      | Reached skill level 5 in Spellcasting
  3640 | D:4      | Found Ycwoir's General Store.
  3655 | D:4      | Bought a +0 pair of boots for 45 gold pieces
  3655 | D:4      | Bought a scroll of identify for 20 gold pieces
  3655 | D:4      | Bought 21 stones for 21 gold pieces
  3655 | D:4      | Bought a scroll of identify for 20 gold pieces
  3655 | D:4      | Bought a potion of curing for 30 gold pieces
  4013 | D:4      | Reached skill level 5 in Earth Magic
  4023 | D:4      | Found an ornate altar of the Wu Jian Council.
  4037 | D:4      | Reached XP level 7. HP: 36/36 MP: 10/17
  4110 | D:4      | Found a staircase to the Ecumenical Temple.
  4234 | D:4      | Learned a level 5 spell: Lee's Rapid Deconstruction
  4338 | D:4      | Found a hide-covered altar of Uskayaw.
  4575 | D:4      | Learned a level 2 spell: Blink
  4576 | D:5      | Entered Level 5 of the Dungeon
  4654 | D:5      | Reached skill level 6 in Spellcasting
  4998 | D:5      | Noticed Pikel
  5171 | D:5      | Found a white marble altar of Elyvilon.
  5259 | D:5      | Noticed Menkaure
  5269 | D:5      | Killed Menkaure
  5468 | D:5      | Noticed Grinder
  5478 | D:5      | Killed Grinder
  5478 | D:5      | Reached skill level 7 in Spellcasting
  5478 | D:5      | Reached XP level 8. HP: 36/41 MP: 20/20
  5564 | D:5      | Reached skill level 5 in Conjurations
  5600 | D:5      | Found a stormy altar of Qazlal.
  5613 | D:5      | Became a worshipper of Qazlal Stormbringer
  6159 | D:6      | Reached skill level 8 in Spellcasting
  6560 | D:6      | Reached * piety under Qazlal
  6560 | D:6      | Reached XP level 9. HP: 45/45 MP: 23/23
  6711 | D:6      | Found a snail-covered altar of Cheibriados.
  6783 | D:7      | Reached skill level 5 in Transmutations
  6924 | D:7      | Found a burning altar of Makhleb.
  6979 | D:7      | Reached skill level 9 in Spellcasting
  7175 | D:7      | Found a shadowy altar of Dithmenos.
  7224 | D:7      | Upgraded the game from 0.23.0-42-geed6394 to 0.23.1
  7390 | D:7      | Noticed a hellwing
  7403 | D:7      | Reached ** piety under Qazlal
  7404 | D:7      | Noticed a hellwing
  7620 | D:7      | Slain by a hellwing

Skill      XL: |  1  2  3  4  5  6  7  8  9 |
---------------+----------------------------+-----
Dodging        | 3 |  3.6
Earth Magic    | 4 5 6 7 8 |  8.3
Stealth        | 3 |  3.4
Spellcasting   | 4 5 7 8 9 |  9.9
Conjurations   | 1 2 3 4 6 8 |  8.3
Transmutations | 2 4 6 |  6.0
Polearms       | |  0.7

Action                   |  1- 3 |  4- 6 |  7- 9 || total
-------------------------+-------+-------+-------++-------
Melee: Unarmed           |    12 |       |       ||    12
       Club              |    34 |       |       ||    34
       Spear             |    20 |     4 |       ||    24
       Quarterstaff      |       |     8 |     2 ||    10
 Cast: Sandblast         |    17 |    12 |    24 ||    53
       Stone Arrow       |    10 |    79 |   166 ||   255
       Passwall          |       |       |    11 ||    11
       Petrify           |       |       |    11 ||    11
       Blink             |       |       |     2 ||     2
       Lee's Rapid Decon |       |       |     5 ||     5
  Use: Scroll            |     3 |     8 |    16 ||    27
       Potion            |       |     1 |     3 ||     4
 Stab: Sleeping          |     3 |     1 |       ||     4
  Eat: Chunk             |    17 |     9 |    13 ||    39
Armor: Robe              |    13 |    12 |    16 ||    41
Dodge: Dodged            |    55 |    34 |    53 ||   142
Block: Other             |       |       |     2 ||     2
